 Dungeon Crawl Stone Soup version 0.17.0-26-gececa24 (webtiles) character file.

527 Raultor the Changer (level 7, 0/51 HPs)
             Began as an Octopode Transmuter on Nov 19, 2015.
             Slain by an ogre
             ... wielding a +0 giant club
              (29 damage)
             ... on level 4 of the Dungeon.
             The game lasted 00:13:50 (5574 turns).

Raultor the Changer (Octopode Transmuter)           Turns: 5574, Time: 00:13:50

Health: 0/51       AC:  6    Str: 12    XL:     7   Next: 23%
Magic:  11/19      EV: 10    Int: 15    God:
Gold:   202        SH:  0    Dex: 12    Spells: 3 memorised, 2 levels left

rFire  x . .     SeeInvis .       - Unarmed
rCold  + + +     Clarity  .     (shield currently unavailable)
rNeg   . . .     SustAt   .     (helmet currently unavailable)
rPois  +         Gourm    .     t - amulet of stasis
rElec  .         Spirit   .     i - ring of magical power
rCorr  .         Warding  .     o - ring of protection from cold (curse)
rMut   .         Stasis   +     (no ring)
MR     .....                    (no ring)
Stlth  +.........               (no ring)
                                (no ring)
                                (no ring)
                                (no ring)

@: ice-form, very slightly contaminated, not resistant to hostile enchantments,
very unstealthy
A: almost no armour, amphibious, 8 rings, (constrict 8), (camouflage 0),
(gelatinous body 0)
a: End Transformation


You were on level 4 of the Dungeon.
You were near starving.
You were a creature of crystalline ice.
You visited 2 branches of the dungeon, and saw 6 of its levels.

You collected 202 gold pieces.

Inventory:

Missiles
 a - 37 arrows
 l - 87 stones (quivered)
 r - a throwing net
Jewellery
 i - a ring of magical power (left front paw)
 o - a cursed ring of protection from cold (right front paw)
 t - an amulet of stasis (around neck)
Scrolls
 e - 4 scrolls of recharging {unknown}
 f - 3 scrolls of remove curse {unknown}
 g - 3 scrolls of identify {unknown}
 h - 2 scrolls of magic mapping {unknown}
 j - 2 scrolls of teleportation {unknown}
 p - a scroll of random uselessness {unknown}
 q - a scroll of immolation {unknown}
 s - a scroll of enchant weapon {unknown}
 v - 3 scrolls of fear {unknown}
 w - a scroll of fog {unknown}
Potions
 d - a potion of agility {unknown}
 m - a potion of might {unknown}
 n - a potion of poison {unknown}
 u - a potion of heal wounds {unknown}
 x - a potion of curing {unknown}
Books
 b - a book of Changes

   Spells                             Type                      Level
   a - Beastly Appendage              Transmutation                1
   b - Sticks to Snakes               Transmutation                2
   c - Spider Form                    Transmutation/Poison         3
   d - Ice Form                       Ice/Transmutation            4
   e - Blade Hands                    Transmutation                5
Comestibles
 c - a bread ration
 k - 2 fruits


   Skills:
 - Level 1.0 Fighting
 - Level 2.0 Dodging
 - Level 3.0 Unarmed Combat
 - Level 2.0 Spellcasting
 + Level 6.1 Transmutations
 * Level 4.3 Ice Magic


You had 2 spell levels left.
You knew the following spells:

 Your Spells              Type           Power        Failure   Level  Hunger
a - Beastly Appendage     Trmt           ###...       1%          1    #......
b - Spider Form           Trmt/Pois      ##........   21%         3    ###....
c - Ice Form              Ice/Trmt       ###.....     28%         4    #####..


Dungeon Overview and Level Annotations

Branches:
Dungeon (5/15)             Temple (1/1) D:4

Altars:
Ashenzari
Dithmenos
Fedhas
Okawaru
Qazlal
Trog
Vehumet
Xom
Yredelemnul
The Shining One

Annotations:
D:5 Sigmund


Innate Abilities, Weirdness & Mutations

You cannot wear most types of armour.
You are amphibious.
You can wear up to eight rings at the same time.
((You can use your tentacles to constrict eight enemies at once.))
((Your skin changes colour to match your surroundings (Stealth).))
((Your rubbery body absorbs attacks (AC +1).))


Message History

The crimson imp is almost dead.
You constrict the crimson imp.
You kill the crimson imp!
No target in view!
Casting: Spider Form
Confirm with . or Enter, or press ? or * to list all spells.
You miscast Ice Form.
You are very lightly contaminated with residual magic.
Nothing appears to happen.
The ogre shouts!
Casting: Ice Form
Confirm with . or Enter, or press ? or * to list all spells.
You turn into a creature of crystalline ice.
You are near starving!
You hit the ogre but do no damage. The ogre hits you with a giant club!!
You punch the ogre! You freeze the ogre.
The ogre is heavily wounded.
The ogre hits you with a giant club!!
Ouch! That really hurt!
You die...

.........# #..#..#.#.......#.....
.####.#### #..#..#.#.......#.....
........####..#.#..##.....##.....
.####.#............####.####.....
.# #.#..###.....................
.# #.##.#......#.#.#.###########
.# #.................# ###
.########.#####O#.##### #..
.[..............Y...# #..
#########..####.#.#.######## #..
#..............#........# #..
#.#####..###.###........# #.. #.#
##.###.###........# #.. #.#
#................# #..
#.######..##.###.....)..# #..
#.##.......#.# #........# ##..
#.##.#####.#.###........# #[..


You could see an ogre.

Vanquished Creatures
  2 crimson imps
  2 orc priests
  3 hounds
  A giant frog skeleton (D:5)
  2 orc wizards (D:5)
  Crazy Yiuf (D:4)
  A jelly (D:5)
  5 adders
  2 oozes
  5 worms
  3 giant geckos
  5 orcs (D:3)
  A ball python (D:3)
  9 bats
  6 giant cockroaches
  5 goblins
  8 hobgoblins
  7 jackals (D:1)
  4 kobolds
  A quokka (D:2)
  6 giant newts
  15 rats
94 creatures vanquished.

Notes
Turn   | Place    | Note
--------------------------------------------------------------
     0 | D:1      | Raultor the Octopode Transmuter began the quest for the Orb.
     0 | D:1      | Reached XP level 1. HP: 13/13 MP: 3/3
    28 | D:1      | Found a glowing golden altar of the Shining One.
    44 | D:1      | Reached XP level 2. HP: 12/18 MP: 5/5
   467 | D:1      | Reached XP level 3. HP: 8/23 MP: 4/6
   943 | D:1      | Learned a level 3 spell: Spider Form
  1420 | D:2      | Reached skill level 4 in Transmutations
  1538 | D:2      | Reached XP level 4. HP: 9/28 MP: 7/7
  1727 | D:2      | Found a shadowy altar of Dithmenos.
  1961 | D:2      | Noticed a moth of wrath
  1964 | D:2      | Found a bloodstained altar of Trog.
  1972 | D:2      | HP: 1/28 [hobgoblin/short sword (3)]
  1979 | D:2      | HP: 1/28 [adder (1)]
  1993 | D:2      | HP: 1/28 [rat (1)]
  3058 | D:3      | Reached skill level 5 in Transmutations
  3144 | D:3      | Reached XP level 5. HP: 28/33 MP: 8/8
  3197 | D:3      | Learned a level 4 spell: Ice Form
  3492 | D:3      | Reached skill level 1 in Ice Magic
  3859 | D:4      | Noticed an ogre
  3881 | D:3      | Reached XP level 6. HP: 10/38 MP: 9/9
  4147 | D:4      | Found a basalt altar of Yredelemnul.
  4583 | D:4      | Found a staircase to the Ecumenical Temple.
  4594 | Temple   | Entered the Ecumenical Temple
  4716 | D:4      | Noticed Crazy Yiuf
  4725 | D:4      | Killed Crazy Yiuf
  4917 | D:5      | Entered Level 5 of the Dungeon
  5265 | D:5      | Reached skill level 6 in Transmutations
  5265 | D:5      | Reached XP level 7. HP: 31/43 MP: 10/10
  5545 | D:5      | Noticed Sigmund
  5574 | D:4      | Slain by an ogre

Action                   |  1- 3 |  4- 6 |  7- 9 || total
-------------------------+-------+-------+-------++-------
Melee: Unarmed           |    99 |   173 |    16 ||   288
Throw: Stone             |       |     5 |       ||     5
 Cast: Beastly Appendage |     5 |     1 |       ||     6
       Spider Form       |     2 |    13 |     2 ||    17
       Ice Form          |       |       |     1 ||     1
 Stab: Sleeping          |     9 |     5 |       ||    14
       Distracted        |       |     2 |       ||     2
  Eat: Chunk             |     2 |     9 |       ||    11
       Bread ration      |       |     1 |       ||     1
       Fruit             |       |       |     1 ||     1
